 Dungeon Crawl Stone Soup version 0.30.1-11-g7821555f0a (webtiles) character file.

Game seed: 9530247915467955220

1162 jagang the Trooper (level 8, 0/68 HPs)
             Began as a Barachi Monk on Nov 13, 2023.
             Was a Priest of the Shining One.
             Slain by a gnoll sergeant
             ... wielding a +2 spear of venom
              (9 damage)
             ... on level 5 of the Dungeon.
             The game lasted 00:10:08 (3631 turns).

jagang the Trooper (Barachi Monk)                   Turns: 3631, Time: 00:10:10

Health: 0/68       AC: 10    Str: 13    XL:     8   Next: 39%
Magic:  8/8        EV: 10    Int: 11    God:    the Shining One [***...]
Gold:   539        SH:  5    Dex: 16    Spells: 7/7 levels left

rFire   + . .        q - +5 dagger of Demand {elec, +Blink rC+}
rCold   + . .        h - +0 buckler
rNeg    + + .        w - +3 scale mail {rF+}
rPois   +            (no helmet)
rElec   .            (no cloak)
rCorr   .            (no gloves)
SInv    .            (no boots)
Will    .....        (no amulet) Stlth
                     o - ring of poison resistance
HPRegen 0.31/turn    x - ring of positive energy
MPRegen 0.11/turn

%: no passive effects
@: lethally poisoned (0 -> -10), glowing, slow
A: amphibious, slowness 1, strong legs 1, +LOS
a: Hop, Renounce Religion, Evoke Blink, Divine Shield, Cleansing Flame


You were on level 5 of the Dungeon.
You worshipped the Shining One.
The Shining One was most pleased with you.
You visited 2 branches of the dungeon, and saw 6 of its levels.
You also visited: Ossuary.

You collected 539 gold pieces.

Inventory:

Hand Weapons
 a - a +0 falchion
 m - a +0 long sword
 q - the +5 dagger of Demand (weapon) {elec, +Blink rC+}
   (You found it on level 3 of the Dungeon)

   rC:        It protects you from cold.
   +Blink:    It lets you blink.
Missiles
 k - 8 boomerangs (quivered)
 n - 3 curare-tipped darts
Armour
 d - an orb of light
 h - a +0 buckler (worn)
 p - a +0 plate armour
 w - a +3 scale mail of fire resistance (worn)
Jewellery
 o - a ring of poison resistance (left hand)
 x - a ring of positive energy (right hand)
Wands
 v - a wand of iceblast (7)
 A - a wand of mindburst (21)
Scrolls
 b - a scroll of butterflies {unknown}
 f - a scroll of brand weapon {unknown}
 g - 7 scrolls of identify {unknown}
 j - 2 scrolls of immolation {unknown}
 l - a scroll of fog {unknown}
 r - a scroll of magic mapping {unknown}
 t - a scroll of noise {unknown}
 y - a scroll of enchant weapon {unknown}
 z - a scroll of amnesia {unknown}
Potions
 c - a potion of ambrosia
 e - 2 potions of magic {unknown}
 i - 3 potions of curing
 s - a potion of attraction {unknown}
 u - a potion of might {unknown}


   Skills:
 * Level 7.6 Fighting
 * Level 7.6 Long Blades
 + Level 4.8 Armour
 - Level 3.2 Dodging
 + Level 3.7 Shields


You had 7 spell levels left.
You didn't know any spells.
Your spell library contained the following spells:

 Spells                   Type           Power      Damage    Failure   Level
 Freeze                   Ice            0%         1d3       90%         1
 Cigotuvi's Dreadful Rot  Necr/Pois/Air  0%         N/A       97%         2
 Dazzling Flash           Conj/Hex       0%         N/A       99%         3
 Frozen Ramparts          Ice            0%         1d1       99%         3
 Hailstorm                Conj/Ice       0%         3d3       99%         3
 Ignite Poison            Fire/Tmut/Pois 0%         N/A       99%         3
 Agony                    Necr           0%         N/A       100%        5
 Freezing Cloud           Conj/Ice/Air   0%         6-21      100%        5
 Silence                  Hex/Air        0%         N/A       100%        5


Dungeon Overview and Level Annotations

Branches:
Dungeon (5/15)             Temple (1/1) D:4         Ossuary (visited)

Altars:
Cheibriados
Fedhas
Gozag
Hepliaklqana
Kikubaaqudgha
Nemelex Xobeh
Qazlal
Trog
Uskayaw
Vehumet
Wu Jian
Xom
Yredelemnul
The Shining One


Innate Abilities, Weirdness & Mutations

You are amphibious.
You cover ground slowly.
You can hop short distances.
You have an extended range of vision and can be seen from far away.


Message History

The gnoll sergeant hits you from afar with a +2 spear of venom.
The gnoll hits you with a +0 club! The gnoll attacks as you move away!
The gnoll barely misses you.
You are too injured to fight recklessly!
You hit the gnoll.
The gnoll is lightly wounded.
You block the gnoll sergeant's attack. You block the gnoll's attack.
The gnoll hits you with a +0 flail. The gnoll sergeant barely misses you.
You hit the gnoll.
The gnoll is heavily wounded.
You hit the gnoll.
The gnoll is heavily wounded.
The gnoll hits you with a +0 flail. You block the gnoll sergeant's attack.
You barely miss the gnoll.
The gnoll is heavily wounded.
The gnoll closely misses you.
The gnoll sergeant hits you from afar with a +2 spear of venom.
You are poisoned.
You puncture the gnoll!
You kill the gnoll!
You feel sick. You block the gnoll sergeant's attack.
You feel very sick. The gnoll sergeant barely misses you.
You see here a +0 flail.
You hit the gnoll sergeant but do no damage.
You feel sick.
The gnoll sergeant hits you with a +2 spear of venom.
You are more poisoned.
You hit the gnoll sergeant but do no damage.
You feel very sick.
The gnoll sergeant hits you with a +2 spear of venom!
* * * LOW HITPOINT WARNING * * *
You hit the gnoll sergeant.
Lightning courses through the gnoll sergeant!
The gnoll sergeant is heavily wounded.
* * * LOW HITPOINT WARNING * * *
You feel sick.
The gnoll sergeant hits you with a +2 spear of venom!
You die...

.# #....#.# .#
#....#.# .# ######.#
.# #.# .#
##########.# ##
#####..........#
#####.....##.#####.#
#.........##.# #.#
#.###.....##@# #+#
## #.#.)......#g#
..# #...........g#
...# #######.#<##.#
....#
#)#.##.####.....#
#.#.##....).....#
#.#.##..|.......#
#.)..#..<.......#
###.............#


You could see a gnoll sergeant and a gnoll.

Vanquished Creatures
  Pikel (D:5)
  2 ogres (D:5)
  A centaur (D:5)
  A lemure (D:5)
  A phantom (D:5)
  A scorpion (D:5)
  A jelly (D:5)
  A hound (D:5)
  A human zombie (Ossuary)
  Ijyb (D:4)
  2 iguanas
  2 mummies (Ossuary)
  2 gnolls (D:5)
  3 adders
  A worm (D:2)
  4 dart slugs
  8 orcs
  8 bats
  8 endoplasms
  3 giant cockroaches
  12 hobgoblins
  8 jackals
  5 quokkas
  4 ball pythons
  7 frilled lizards
  5 gnoll zombies (Ossuary)
  3 goblin zombies (Ossuary)
  2 hobgoblin zombies (Ossuary)
  4 kobolds
  3 orc zombies (Ossuary)
  5 rats
110 creatures vanquished.

Notes
Turn   | Place    | Note
-------+----------+-------------------------------------------
     0 | D:1      | jagang the Barachi Monk began the quest for the Orb.
     0 | D:1      | Reached XP level 1. HP: 18/18 MP: 1/1
    85 | D:1      | Reached skill level 1 in Armour
    85 | D:1      | Reached XP level 2. HP: 25/25 MP: 2/2
   367 | D:1      | Reached XP level 3. HP: 30/30 MP: 3/3
   541 | D:1      | Found a faded altar of an unknown god.
  1085 | D:2      | Reached XP level 4. HP: 38/38 MP: 4/4
  1569 | D:3      | Found an ancient bone altar of Kikubaaqudgha.
  1874 | D:3      | Reached skill level 1 in Shields
  1874 | D:3      | Reached XP level 5. HP: 36/43 MP: 5/5
  1935 | D:3      | Identified the +5 dagger of Demand {elec, +Blink rC+}
  1989 | D:3      | Found a shimmering altar of Xom.
  1989 | D:3      | Found a shimmering altar of Xom.
  1989 | D:3      | Found a shimmering altar of Xom.
  1998 | D:3      | Found a shimmering altar of Xom.
  1998 | D:3      | Found a shimmering altar of Xom.
  1998 | D:3      | Found a shimmering altar of Xom.
  1998 | D:3      | Found a shimmering altar of Xom.
  1999 | D:3      | Found a shimmering altar of Xom.
  2280 | D:4      | Found an opulent altar of Gozag.
  2578 | D:4      | Found a staircase to the Ecumenical Temple.
  2657 | D:4      | Noticed Ijyb
  2682 | D:4      | Killed Ijyb
  2683 | D:4      | Reached skill level 5 in Fighting
  2683 | D:4      | Reached skill level 5 in Long Blades
  2845 | Temple   | Entered the Ecumenical Temple
  3054 | Temple   | Became a worshipper of the Shining One
  3054 | Temple   | Reached * piety under the Shining One
  3054 | Temple   | Reached ** piety under the Shining One
  3107 | D:5      | Entered Level 5 of the Dungeon
  3164 | D:5      | Noticed an ogre
  3179 | D:5      | Killed an ogre
  3179 | D:5      | Noticed a phantom
  3180 | D:5      | Reached XP level 6. HP: 36/51 MP: 6/6
  3308 | D:5      | Found a sand-covered staircase.
  3320 | D:5      | Reached XP level 7. HP: 51/58 MP: 7/7
  3334 | Ossuary  | Entered an ossuary
  3375 | Ossuary  | Reached *** piety under the Shining One
  3474 | D:5      | Noticed Pikel
  3483 | D:5      | Killed Pikel
  3484 | D:5      | Reached XP level 8. HP: 58/67 MP: 8/8
  3631 | D:5      | Slain by a gnoll sergeant

Illustrated notes

Levels and vault maps discovered:
D:1:      denvon_arrival_waterhouse, layout_loops_cross,
          hellmonk_ecumenical_altar_dog_temple, minmay_hedge_maze,
          minmay_split_cup_large
D:2:      layout_loops_cross, serial_rivers, chequers_serial_rivers_marsh,
          chequers_serial_rivers_marsh, chequers_serial_rivers_room_a,
          chequers_serial_rivers_micro_c, grunt_decor_fettered,
          chequers_big_river
D:3:      layout_loops_ring, mainiacjoe_overflow_six_doors_small,
          xom_redecorated
D:4:      layout_gridville, grunt_gozag_breadcrumbs, minmay_temple_entry_wispy,
          uniq_ijyb
D:5:      layout_basic, makhleb_grotto_becter, enter_ossuary_1, uniq_pikel,
          uniq_blork_the_orc
Temple:   chequers_temple_sunken

Skill      XL: |  1  2  3  4  5  6  7 |
---------------+----------------------+-----
Armour         | 1 2 3 4 |  4.8
Fighting       | 4 5 6 7 |  7.6
Long Blades    | 4 5 6 7 |  7.6
Shields        | 1 2 3 |  3.7
Dodging        | |  3.2

Action                     |  1- 3 |  4- 6 |  7- 9 || total
---------------------------+-------+-------+-------++-------
  Melee: Falchion          |   118 |    49 |       ||   167
         Rapier            |       |    48 |       ||    48
         Dagger            |       |    37 |    86 ||   123
  Throw: Boomerang         |       |       |     1 ||     1
 Armour: Robe              |     5 |       |       ||     5
         Ring mail         |    39 |     7 |       ||    46
         Chain mail        |       |    26 |       ||    26
         Scale mail        |       |     9 |    30 ||    39
  Dodge: Dodged            |    72 |    47 |    33 ||   152
  Block: Buckler           |       |       |    14 ||    14
